| TOP OF THE 1ST |
|
Wausau Timbers batting - Pitching for Danville Veterans : RHP John Violette
|
|
Pitching: RHP John Violette
|
|
|
Batting: SHB Herman Lewis
|
0-0: Called Strike 0-1: Ground out 4-3 (Groundball, 4, EV 85.6 MPH)
|
|
Batting: LHB Jerry Morton
|
0-0: Foul Ball, location: 2F 0-1: Ball 1-1: Fly out, F8 (Flyball, 89S, EV 84.4 MPH)
|
|
Batting: RHB Alan Griffin
|
0-0: Ball 1-0: Swinging Strike 1-1: Fly out, F8 (Flyball, 8LD, EV 99.4 MPH)
|
| Top of the 1st over - 0 runs, 0 hits, 0 errors, 0 left on base; Wausau 0 - Danville 0 |
| BOTTOM OF THE 1ST |
|
Danville Veterans batting - Pitching for Wausau Timbers : RHP Doug Cook
|
|
Pitching: RHP Doug Cook
|
|
|
Batting: SHB Donnie Hill
|
0-0: Ground out 6-3 (Groundball, 6, EV 83.8 MPH)
|
|
Batting: RHB Vincent Pone
|
0-0: Ball 1-0: Ground out U3 (Groundball, 3L, EV 107.5 MPH)
|
|
Batting: LHB Mark Salas
|
0-0: Ball 1-0: Fly out, F9 (Line Drive, 9, EV 90.0 MPH)
|
| Bottom of the 1st over - 0 runs, 0 hits, 0 errors, 0 left on base; Wausau 0 - Danville 0 |
| TOP OF THE 2ND |
|
Wausau Timbers batting - Pitching for Danville Veterans : RHP John Violette
|
|
Batting: RHB Rich Renteria
|
0-0: Ball 1-0: Ball 2-0: Fly out, F9 (Flyball, 9D, EV 86.9 MPH)
|
|
Batting: RHB Douglas Davis
|
0-0: Called Strike 0-1: SINGLE (Line Drive, 4D, EV 95.0 MPH)
|
|
Batting: LHB Ricky Seilheimer
|
0-0: Ball 1-0: Swinging Strike 1-1: Ball 2-1: Ball 3-1: Swinging Strike 3-2: Ground out 6-3 (Groundball, 56, EV 86.3 MPH) Douglas Davis to second
|
|
Batting: RHB Bruce Chaney
|
0-0: Ball 1-0: Ball 2-0: Swinging Strike 2-1: Ball 3-1: Fly out, F8 (Line Drive, 8RM, EV 89.4 MPH)
|
| Top of the 2nd over - 0 runs, 1 hit, 0 errors, 1 left on base; Wausau 0 - Danville 0 |
| BOTTOM OF THE 2ND |
|
Danville Veterans batting - Pitching for Wausau Timbers : RHP Doug Cook
|
|
Batting: RHB Barry Brunenkant
|
0-0: Called Strike 0-1: Fly out, F3 (Popup, 3SF, EV 75.0 MPH)
|
|
Batting: RHB Robert Gauci
|
0-0: Ball 1-0: Foul Ball, location: 2F 1-1: Ball 2-1: Called Strike 2-2: Ball 3-2: Base on Balls
|
|
Batting: RHB Joseph Soprano
|
0-0: SINGLE (Groundball, 56D, EV 99.4 MPH) Robert Gauci to second
|
|
Batting: RHB Ed Saavedra
|
0-0: Foul Ball, location: 2F 0-1: Ball 1-1: Ball 2-1: Called Strike 2-2: Fielders Choice at 2nd, 4-6 (Groundball, 34, EV 91.9 MPH) Robert Gauci to third
|
|
Batting: RHB Jeff Moronko
|
0-0: Ball 1-0: Ball 2-0: Foul Ball, location: 2F 2-1: Ball 3-1: Base on Balls Ed Saavedra to second
|
|
Batting: RHB Jeff Hall
|
0-0: Called Strike 0-1: SINGLE (Flyball, 5D, EV 82.5 MPH) Robert Gauci scores Ed Saavedra to third Jeff Moronko to second Runner from 3rd tries for Home, SAFE, throw by LF to home
|
|
Batting: SHB Donnie Hill
|
0-0: Swinging Strike 0-1: Foul Ball, location: 2F 0-2: Ball 1-2: Fly out, F6 (Popup, P, EV 91.9 MPH)
|
| Bottom of the 2nd over - 2 runs, 2 hits, 0 errors, 2 left on base; Wausau 0 - Danville 2 |
| TOP OF THE 3RD |
|
Wausau Timbers batting - Pitching for Danville Veterans : RHP John Violette
|
|
Batting: RHB Jeffrey Young
|
0-0: Bunt missed! 0-1: Ball 1-1: Ball 2-1: Swinging Strike 2-2: Strikes out looking
|
|
Batting: RHB John Pignotti
|
0-0: Ball 1-0: Called Strike 1-1: Foul Ball, location: 2F 1-2: Fly out, F8 (Flyball, 8LM, EV 89.4 MPH)
|
|
Batting: SHB Herman Lewis
|
0-0: Called Strike 0-1: Foul Ball, location: 2F 0-2: Fly out, F8 (Flyball, 8LM, EV 90.0 MPH)
|
| Top of the 3rd over - 0 runs, 0 hits, 0 errors, 0 left on base; Wausau 0 - Danville 2 |
| BOTTOM OF THE 3RD |
|
Danville Veterans batting - Pitching for Wausau Timbers : RHP Doug Cook
|
|
Batting: RHB Vincent Pone
|
0-0: Called Strike 0-1: Foul Ball, location: 2F 0-2: Foul Ball, location: 2F 0-2: Foul Ball, location: 2F 0-2: Strikes out swinging
|
|
Batting: LHB Mark Salas
|
0-0: Ball 1-0: Foul Ball, location: 2F 1-1: Ground out 4-3 (Groundball, 4, EV 107.5 MPH)
|
|
Batting: RHB Barry Brunenkant
|
0-0: Called Strike 0-1: Ball 1-1: Ball 2-1: Ball 3-1: Called Strike 3-2: Strikes out looking
|
| Bottom of the 3rd over - 0 runs, 0 hits, 0 errors, 0 left on base; Wausau 0 - Danville 2 |
| TOP OF THE 4TH |
|
Wausau Timbers batting - Pitching for Danville Veterans : RHP John Violette
|
|
Batting: LHB Jerry Morton
|
0-0: Ball 1-0: Ball 2-0: Fly out, F8 (Flyball, 89S, EV 78.1 MPH)
|
|
Batting: RHB Alan Griffin
|
0-0: Ball 1-0: Called Strike 1-1: Ground out 5-3 (Groundball, 56, EV 90.6 MPH)
|
|
Batting: RHB Rich Renteria
|
0-0: Foul Ball, location: 2F 0-1: Foul Ball, location: 2F 0-2: SINGLE (Groundball, 25, EV 68.8 MPH) (infield hit)
|
|
Batting: RHB Douglas Davis
|
0-0: Ball 1-0: Ball 2-0: Called Strike 2-1: Foul Ball, location: 2F 2-2: Foul Ball, location: 2F 2-2: 2-RUN HOME RUN (Flyball, 7D, EV 96.9 MPH), Distance : 383 ft
|
|
Batting: LHB Ricky Seilheimer
|
0-0: Ground out 6-3 (Groundball, 6M, EV 86.9 MPH)
|
| Top of the 4th over - 2 runs, 2 hits, 0 errors, 0 left on base; Wausau 2 - Danville 2 |
| BOTTOM OF THE 4TH |
|
Danville Veterans batting - Pitching for Wausau Timbers : RHP Doug Cook
|
|
Batting: RHB Robert Gauci
|
0-0: Foul Ball, location: 2F 0-1: Foul Ball, location: 2F 0-2: Foul Ball, location: 2F 0-2: Ball 1-2: Ball 2-2: Ground out 4-3 (Groundball, 4, EV 107.5 MPH)
|
|
Batting: RHB Joseph Soprano
|
0-0: Foul Ball, location: 2F 0-1: Swinging Strike 0-2: Foul Ball, location: 2F 0-2: Ball 1-2: Ball 2-2: Ball 3-2: Ground out U3 (Groundball, 34, EV 84.4 MPH)
|
|
Batting: RHB Ed Saavedra
|
0-0: Foul Ball, location: 2F 0-1: Ball 1-1: Foul Ball, location: 2F 1-2: Ground out U3 (Groundball, 3, EV 95.0 MPH)
|
| Bottom of the 4th over - 0 runs, 0 hits, 0 errors, 0 left on base; Wausau 2 - Danville 2 |
| TOP OF THE 5TH |
|
Wausau Timbers batting - Pitching for Danville Veterans : RHP John Violette
|
|
Batting: RHB Bruce Chaney
|
0-0: Called Strike 0-1: Ball 1-1: Ball 2-1: Fly out, F7 (Flyball, 7D, EV 103.8 MPH)
|
|
Batting: RHB Jeffrey Young
|
0-0: Ball 1-0: Swinging Strike 1-1: Fly out, F8 (Flyball, 8LM, EV 78.8 MPH)
|
|
Batting: RHB John Pignotti
|
0-0: Swinging Strike 0-1: SINGLE (Line Drive, 7LS, EV 103.8 MPH)
|
|
Batting: SHB Herman Lewis
|
0-0: Ball 1-0: Called Strike 1-1: Ball 2-1: Foul Ball, location: 2F 2-2: SINGLE (Groundball, 4MD, EV 101.3 MPH) John Pignotti to second Runner from 2nd tries for 3rd, SAFE, throw by CF made to third
|
|
Batting: LHB Jerry Morton
|
0-0: Ball 1-0: Ball 2-0: Ball 3-0: Called Strike 3-1: Foul Ball, location: 2F 3-2: Base on Balls Herman Lewis to second
|
|
Batting: RHB Alan Griffin
|
0-0: Ball 1-0: Called Strike 1-1: Swinging Strike 1-2: SINGLE (Flyball, 3D, EV 91.9 MPH) John Pignotti scores Herman Lewis to third Jerry Morton to second Runner from 3rd tries for Home, SAFE, throw by RF to home
|
|
Batting: RHB Rich Renteria
|
0-0: Called Strike 0-1: Ball 1-1: Called Strike 1-2: Ball 2-2: Ground out 2-3 (Groundball, 2L, EV 75.0 MPH)
|
| Top of the 5th over - 2 runs, 3 hits, 0 errors, 2 left on base; Wausau 4 - Danville 2 |
| BOTTOM OF THE 5TH |
|
Danville Veterans batting - Pitching for Wausau Timbers : RHP Doug Cook
|
|
Batting: RHB Jeff Moronko
|
0-0: Ground out 4-3 (Groundball, 4M, EV 88.8 MPH)
|
|
Batting: RHB Jeff Hall
|
0-0: Ball 1-0: Ball 2-0: SINGLE (Groundball, 34D, EV 96.3 MPH)
|
|
Batting: SHB Donnie Hill
|
0-0: Ball 1-0: Ball 2-0: Fielders Choice at 2nd, 6-4 (Groundball, 6, EV 99.4 MPH)
|
|
Batting: RHB Vincent Pone
|
0-0: Ball Donnie Hill steals 2nd base 1-0: Ball 2-0: Called Strike 2-1: Hit by Pitch
|
|
Batting: LHB Mark Salas
|
0-0: Called Strike 0-1: Swinging Strike 0-2: Reached on error, E4 (Groundball, 4, EV 81.3 MPH) Donnie Hill to third Vincent Pone to second
|
|
Batting: RHB Barry Brunenkant
|
0-0: Ball 1-0: Ball 2-0: Ball 3-0: Called Strike 3-1: GRAND SLAM HOME RUN (Flyball, 7LD, EV 111.9 MPH), Distance : 373 ft
|
|
Pitching: RHP Daniel Pierce
|
|
|
Batting: RHB Robert Gauci
|
0-0: Called Strike 0-1: Called Strike 0-2: Ball 1-2: Foul Ball, location: 2F 1-2: SINGLE (Flyball, 56D, EV 85.6 MPH) - OUT at second base trying to stretch hit.
|
| Bottom of the 5th over - 4 runs, 3 hits, 1 error, 0 left on base; Wausau 4 - Danville 6 |
| TOP OF THE 6TH |
|
Wausau Timbers batting - Pitching for Danville Veterans : RHP John Violette
|
|
Batting: RHB Douglas Davis
|
0-0: SINGLE (Groundball, 34S, EV 76.9 MPH) (infield hit)
|
|
Batting: LHB Ricky Seilheimer
|
0-0: Ball 1-0: Called Strike 1-1: Called Strike 1-2: Grounds into double play, 5-4-3 (Groundball, 5, EV 105.6 MPH)
|
|
Batting: RHB Bruce Chaney
|
0-0: Swinging Strike 0-1: Called Strike 0-2: Ball 1-2: Ball 2-2: Ball 3-2: Ground out 5-3 (Groundball, 5, EV 79.4 MPH)
|
| Top of the 6th over - 0 runs, 1 hit, 0 errors, 0 left on base; Wausau 4 - Danville 6 |
| BOTTOM OF THE 6TH |
|
Danville Veterans batting - Pitching for Wausau Timbers : RHP Daniel Pierce
|
|
Batting: RHB Joseph Soprano
|
0-0: Ball 1-0: Foul Ball, location: 2F 1-1: Ball 2-1: Ball 3-1: Called Strike 3-2: Base on Balls
|
|
Batting: RHB Ed Saavedra
|
0-0: Foul Ball, location: 2F 0-1: Ball 1-1: Ball 2-1: Fly out, F9 (Flyball, 9LS, EV 89.4 MPH)
|
|
Batting: RHB Jeff Moronko
|
0-0: Fly out, F9 (Flyball, 89S, EV 88.1 MPH)
|
|
Batting: RHB Jeff Hall
|
0-0: Called Strike 0-1: Ball 1-1: Ball 2-1: Called Strike 2-2: Fielders Choice at 2nd, 6-4 (Groundball, 6, EV 90.0 MPH)
|
| Bottom of the 6th over - 0 runs, 0 hits, 0 errors, 1 left on base; Wausau 4 - Danville 6 |
| TOP OF THE 7TH |
|
Wausau Timbers batting - Pitching for Danville Veterans : RHP John Violette
|
|
Batting: RHB Jeffrey Young
|
0-0: Ground out 5-3 (Groundball, 56S, EV 83.1 MPH)
|
|
Batting: RHB John Pignotti
|
0-0: Called Strike 0-1: Called Strike 0-2: Ball 1-2: Strikes out looking
|
|
Batting: SHB Herman Lewis
|
0-0: Called Strike 0-1: Ball 1-1: Ball 2-1: Ball 3-1: Called Strike 3-2: Foul Ball, location: 2F 3-2: Strikes out swinging
|
| Top of the 7th over - 0 runs, 0 hits, 0 errors, 0 left on base; Wausau 4 - Danville 6 |
| BOTTOM OF THE 7TH |
|
Danville Veterans batting - Pitching for Wausau Timbers : RHP Daniel Pierce
|
|
Batting: SHB Donnie Hill
|
0-0: Called Strike 0-1: Ball 1-1: Foul Ball, location: 2F 1-2: Foul Ball, location: 2F 1-2: Reached on error, E3 (Groundball, 3, EV 88.1 MPH)
|
|
Batting: RHB Vincent Pone
|
0-0: Called Strike 0-1: Ball 1-1: Ball 2-1: Foul Ball, location: 2F 2-2: Ball 3-2: SINGLE (Line Drive, 34D, EV 98.8 MPH) Donnie Hill to second Runner from 2nd tries for 3rd, SAFE, throw by RF made to third
|
|
Batting: LHB Mark Salas
|
0-0: Foul Ball, location: 2F 0-1: Called Strike 0-2: Grounds into double play, 4-6-3 (Groundball, 4, EV 88.1 MPH) Donnie Hill scores
|
|
Batting: RHB Barry Brunenkant
|
0-0: Called Strike 0-1: Ball 1-1: Foul Ball, location: 2F 1-2: Ball 2-2: Foul Ball, location: 2F 2-2: Foul Ball, location: 2F 2-2: Ground out 5-3 (Groundball, 56S, EV 85.0 MPH)
|
| Bottom of the 7th over - 1 run, 1 hit, 1 error, 0 left on base; Wausau 4 - Danville 7 |
| TOP OF THE 8TH |
|
Wausau Timbers batting - Pitching for Danville Veterans : RHP John Violette
|
|
Batting: LHB Jerry Morton
|
0-0: Foul Ball, location: 2F 0-1: Called Strike 0-2: Strikes out swinging
|
|
Batting: RHB Alan Griffin
|
0-0: Ball 1-0: Fly out, F7 (Line Drive, 7, EV 95.0 MPH)
|
|
Batting: RHB Rich Renteria
|
0-0: Ball 1-0: Ball 2-0: SINGLE (Line Drive, 9S, EV 108.1 MPH)
|
|
Batting: RHB Douglas Davis
|
0-0: Fly out, F8 (Flyball, 8RXD, EV 97.5 MPH)
|
| Top of the 8th over - 0 runs, 1 hit, 0 errors, 1 left on base; Wausau 4 - Danville 7 |
| BOTTOM OF THE 8TH |
|
Danville Veterans batting - Pitching for Wausau Timbers : RHP Daniel Pierce
|
|
Batting: RHB Robert Gauci
|
0-0: Ball 1-0: Called Strike 1-1: Ball 2-1: Foul Ball, location: 2F 2-2: Ball 3-2: Base on Balls
|
|
Pitching: RHP Jean Marquis
|
|
|
Batting: RHB Joseph Soprano
|
0-0: Bunted foul 0-1: Bunted foul 0-2: Foul Ball, location: 2F 0-2: Ball 1-2: SINGLE (Flyball, 89S, EV 96.3 MPH) Robert Gauci to second
|
|
Batting: RHB Ed Saavedra
|
0-0: Ball 1-0: Fly out, F9 (Flyball, 9LS, EV 72.5 MPH)
|
|
Batting: RHB Jeff Moronko
|
0-0: Fly out, F1 (Line Drive, P, EV 68.8 MPH)
|
|
Batting: RHB Jeff Hall
|
0-0: SINGLE (Groundball, 6MD, EV 95.0 MPH) Robert Gauci to third Joseph Soprano to second Throwing error, E8 Robert Gauci scores Joseph Soprano to third Jeff Hall to second
|
|
Batting: SHB Donnie Hill
|
0-0: Intentional Walk
|
|
Batting: RHB Vincent Pone
|
0-0: Foul Ball, location: 2F 0-1: Called Strike 0-2: GRAND SLAM HOME RUN (Flyball, 78XD, EV 103.1 MPH), Distance : 411 ft
|
|
Pitching: RHP Robert Tenenini
|
|
|
Pinch Hitting: RHB Robert Triplett
|
0-0: Ball 1-0: Called Strike 1-1: Ground out 6-3 (Groundball, 6, EV 80.0 MPH)
|
| Bottom of the 8th over - 5 runs, 3 hits, 1 error, 0 left on base; Wausau 4 - Danville 12 |
| TOP OF THE 9TH |
|
Wausau Timbers batting - Pitching for Danville Veterans : RHP John Violette
|
|
Now in RF: Geoffrey Nash
|
|
|
Batting: LHB Ricky Seilheimer
|
0-0: Ball 1-0: Foul Ball, location: 2F 1-1: Swinging Strike 1-2: Foul Ball, location: 2F 1-2: Ball 2-2: Ball 3-2: Ground out 5-3 (Groundball, 56, EV 96.9 MPH)
|
|
Batting: RHB Bruce Chaney
|
0-0: Ball 1-0: Called Strike 1-1: Ball 2-1: Ball 3-1: Base on Balls
|
|
Batting: RHB Jeffrey Young
|
0-0: Called Strike 0-1: Foul Ball, location: 2F 0-2: Ball 1-2: Foul Ball, location: 2F 1-2: Foul Ball, location: 2F 1-2: Fly out, F8 (Flyball, 8RM, EV 89.4 MPH)
|
|
Batting: RHB John Pignotti
|
0-0: DOUBLE (Line Drive, 9LM, EV 109.4 MPH) Bruce Chaney to third
|
|
Batting: SHB Herman Lewis
|
0-0: Foul Ball, location: 2F 0-1: Ball 1-1: Fly out, F9 (Line Drive, 9D, EV 103.8 MPH)
|
| Top of the 9th over - 0 runs, 1 hit, 0 errors, 2 left on base; Wausau 4 - Danville 12 |
|